Kings vs Red Wings

Created - 15 janvier 2016 at 19:15

Goals
1 2 3 T
Kings 1 2 1 4
Red Wings 2 2 1 5
Shots
1 2 3 T
Kings 9 11 6 26
Red Wings 12 16 6 34

1st period

1. Kings , Guillaume Latendresse 14 (Anze Kopitar) at 6:58
2. Red Wings , Ales Hemsky 8 (Mike Richards, Sean Bergenheim) at 11:35
3. Red Wings , Mike Richards 11 (Martin Havlat, Sean Bergenheim) at 16:29

Penalties :
Martin Havlat (Det) for Tripping (Minor) at 13:58

2nd period

4. Kings , Blake Wheeler 11 (Guillaume Latendresse, Tomas Kaberle) at 5:17
5. Red Wings , Sean Bergenheim 12 (Richard Jackman) at 16:29 (SH)
6. Kings , Drew Doughty 5 (Anze Kopitar, Andrei Kostitsyn) at 16:44 (PP)
7. Red Wings , Rick Nash 19 (Jason Spezza, Martin Havlat) at 19:41

Penalties :
Rick Nash (Det) for Hooking (Minor) at 5:41, Greg Mauldin (Det) for Roughing (Minor) at 12:01, Paul Martin (Det) for Tripping (Minor) at 15:18, Martin Havlat (Det) for Hooking (Minor) at 17:12, Jordan Nolan (LAK) for Roughing (Minor) at 17:26

3rd period

8. Red Wings , Robert Dome 2 (Greg Mauldin) at 13:33
9. Kings , Tomas Kaberle 5 (Anze Kopitar, Guillaume Latendresse) at 14:16

Penalties :
Andrei Kostitsyn (LAK) for Tripping (Minor) at 10:29, Rick Nash (Det) for Hooking (Minor) at 14:19, Ossi Vaananen (Det) for Roughing (Minor) at 16:48

Goalie Stats

Viktor Fasth (LAK), 29 saves from 34 shots - (0,853), L, 19-13-0, 58:59 minutes
Jonathan Quick (Det), 22 saves from 26 shots - (0,846), W, 13-10-5, 60:00 minutes

Players Stats for Kings

Player Name              G  A  P  +/- PIM S  H  SB GA TA FO     MP     PP MP  PK MP  
------------------------------------------------------------------------------------
Andrei Kostitsyn         0  1  1  -2  2   1  0  0  3  1  1/3    21:20   6:40   0:14 
Anze Kopitar             0  3  3   2  0   3  1  0  2  1  15/29  21:01   6:40   0:07 
Blake Wheeler            1  0  1   2  0   2  3  1  0  0  0/0    19:17   4:43   0:37 
Boyd Devereaux           0  0  0  -1  0   1  1  1  1  0  3/9    11:52   0:00   0:58 
Dion Phaneuf             0  0  0   0  0   2  2  1  2  3  0/0    28:09   6:52   1:15 
Drew Doughty             1  0  1  -2  0   6  0  0  0  0  0/0    22:05   6:52   1:15 
Dustin Byfuglien         0  0  0  -1  0   0  2  0  0  0  0/0     7:54   0:00   0:17 
Guillaume Latendresse    1  2  3   2  0   3  1  0  0  0  0/1    19:50   4:55   0:44 
Johnny Oduya             0  0  0  -2  0   4  1  1  0  0  0/0    20:54   4:43   0:43 
Jordan Nolan             0  0  0  -3  2   0  3  0  0  0  2/2    13:48   6:39   0:00 
Lubomir Visnovsky        0  0  0   0  0   0  0  0  0  0  0/0    11:40   0:00   0:58 
Martin Samuelsson        0  0  0  -1  0   0  0  0  0  0  0/0     7:28   0:00   0:58 
Matt Duchene             0  0  0  -2  0   1  1  0  0  0  11/17  19:46   4:55   0:14 
Miroslav Satan           0  0  0  -1  0   1  3  1  1  1  1/1    10:54   0:00   0:00 
Scottie Upshall          0  0  0  -1  0   0  0  0  0  0  0/1    11:11   0:00   0:17 
Tomas Kaberle            1  1  2   2  0   1  0  1  0  0  0/0    16:12   0:00   0:00 
Trevor Daley             0  0  0  -1  0   0  2  0  0  1  0/0    15:34   0:00   0:15 
Vladimir Tarasenko       0  0  0  -1  0   1  1  0  0  0  1/1    17:05   4:55   0:00 

Players Stats for Red Wings

Player Name              G  A  P  +/- PIM S  H  SB GA TA FO     MP     PP MP  PK MP  
------------------------------------------------------------------------------------
Adam Henrique            0  0  0   0  0   0  1  0  0  1  0/0     9:15   0:02   0:00 
Ales Hemsky              1  0  1   0  0   2  1  0  1  0  1/1    11:59   0:53   0:00 
Alex Picard              0  0  0   1  0   2  1  0  0  0  1/3    10:37   0:00   2:54 
Christian Backman        0  0  0  -1  0   1  0  0  0  0  0/0    12:25   0:00   0:59 
Greg Mauldin             0  1  1   1  2   0  0  0  0  0  0/0     9:03   0:00   1:22 
Jason Spezza             0  1  1  -1  0   2  2  0  0  1  20/42  24:03   1:18   7:03 
Martin Havlat            0  2  2   0  4   5  0  1  0  0  0/1    15:57   1:18   0:00 
Maxim Kondratiev         0  0  0   3  0   1  1  3  0  2  0/0    20:58   1:13   4:30 
Mike Brown               0  0  0   0  0   0  1  0  0  1  0/0     9:12   0:00   0:00 
Mike Richards            1  1  2   2  0   4  1  2  2  1  3/8    16:58   0:55   2:27 
Nate Thompson            0  0  0   0  0   2  2  0  0  0  3/6     9:12   0:00   0:00 
Ossi Vaananen            0  0  0  -2  2   0  1  0  0  0  0/0    12:37   0:00   0:00 
Paul Martin              0  0  0   0  2   2  1  1  1  2  0/0    26:36   1:00   6:06 
Richard Jackman          0  1  1   3  0   0  0  0  0  0  0/0    20:58   1:13   4:30 
Rick Nash                1  0  1  -1  4   3  1  2  2  0  1/2    22:20   1:18   4:50 
Robert Dome              1  0  1   1  0   3  1  0  0  0  0/0     9:49   0:00   2:07 
Sean Bergenheim          1  2  3   2  0   6  3  0  1  0  1/1    16:58   0:55   2:27 
Shea Weber               0  0  0   1  0   1  1  1  0  1  0/0    27:36   1:00   7:05 

3 Stars

1 - Sean Bergenheim (Det)
2 - Guillaume Latendresse (LAK)
3 - Mike Richards (Det)

Power Play

Kings - 1 on 7 Attempt(s) - 14,29%
Red Wings - 0 on 2 Attempt(s) - 0,00%

Penalty Kill

Kings - 2 on 2 Attempt(s) - 100,00% - Score 0 goal in Penalty Kill
Red Wings - 6 on 7 Attempt(s) - 85,71% - Score 1 goal in Penalty Kill

Team Stat

Kings - Hits : 21 - Faceoff Wins : 34 - Blocked Shots : 6 - Penalty Minutes : 4
Red Wings - Hits : 18 - Faceoff Wins : 30 - Blocked Shots : 10 - Penalty Minutes : 14

Official

Referees : Pollock Kevin and Peel Tim
Linesman : Jonny Murray and Lonnie Cameron

Game Notes

No Game Note

Finance

Level 1 -- Attendance: 6000 (100,00%) -- Ticket Income 450 000 $
Level 2 -- Attendance: 4754 (95,08%) -- Ticket Income 213 930 $
Level 3 -- Attendance: 2000 (100,00%) -- Ticket Income 50 000 $
Level 4 -- Attendance: 4000 (100,00%) -- Ticket Income 72 000 $
Luxury Box -- Attendance: 972 (97,20%) -- Ticket Income 145 800 $
Game was played at the Joe Louis Arena.
Total Attendance: 17726 (98,48%)
Total Ticket Income: 931 730 $
Other Income: 139 760 $
Total Income: 1 071 490 $

Kings

5 vs 5 Forward 
   Center                   Left Wing                Right Wing               Time % Phy DF OF 
 1 Anze Kopitar             Guillaume Latendresse    Blake Wheeler            30     1   1  3  
 2 Matt Duchene             Andrei Kostitsyn         Vladimir Tarasenko       30     0   3  2  
 3 Boyd Devereaux           Scottie Upshall          Miroslav Satan           25     0   3  2  
 4 Jordan Nolan             Martin Samuelsson        Dustin Byfuglien         15     0   4  1  

5 vs 5 Defense 
   Defense                  Defense                                           Time % Phy DF OF 
 1 Dion Phaneuf             Tomas Kaberle                                     40     1   3  1  
 2 Johnny Oduya             Trevor Daley                                      35     1   3  1  
 3 Drew Doughty             Lubomir Visnovsky                                 25     1   3  1  
 4 Dion Phaneuf             Lubomir Visnovsky                                 0      1   3  1  

PowerPlay Forward 
   Center                   Left Wing                Right Wing               Time % Phy DF OF 
 1 Anze Kopitar             Andrei Kostitsyn         Jordan Nolan             60     1   1  3  
 2 Matt Duchene             Guillaume Latendresse    Vladimir Tarasenko       40     0   2  3  

PowerPlay Defense
   Defense                  Defense                                           Time % Phy DF OF 
 1 Drew Doughty             Dion Phaneuf                                      60     0   2  3  
 2 Johnny Oduya             Blake Wheeler                                     40     0   3  2  

Penalty Kill 4 Players Forward 
   Center                   Wing                     Time % Phy DF OF 
 1 Boyd Devereaux           Martin Samuelsson        60     1   3  1  
 2 Dustin Byfuglien         Scottie Upshall          40     1   3  1  

Penalty Kill 4 Players Defense
   Defense                  Defense                  Time % Phy DF OF 
 1 Lubomir Visnovsky        Johnny Oduya             60     1   4  0  
 2 Dion Phaneuf             Drew Doughty             40     1   4  0  

Penalty Kill - 3 Players Forward 
   Forward                                           Time % Phy DF OF 
 1 Anze Kopitar                                      60     0   4  1  
 2 Andrei Kostitsyn                                  40     0   4  1  

Penalty Kill - 3 Players Defense
   Defense                  Defense                  Time % Phy DF OF 
 1 Lubomir Visnovsky        Johnny Oduya             60     1   4  0  
 2 Dion Phaneuf             Drew Doughty             40     1   4  0  

4 vs 4 Forward 
   Center                   Wing                     Time % Phy DF OF 
 1 Anze Kopitar             Blake Wheeler            60     1   2  2  
 2 Matt Duchene             Andrei Kostitsyn         40     1   2  2  

4 vs 4 Defense
   Defense                  Defense                  Time % Phy DF OF 
 1 Dion Phaneuf             Drew Doughty             60     1   2  2  
 2 Johnny Oduya             Trevor Daley             40     1   2  2  

Last Minutes Offensive
   Center                   Left Wing                Right Wing               Defense                  Defense                  
   Matt Duchene             Andrei Kostitsyn         Anze Kopitar             Dion Phaneuf             Drew Doughty             

Last Minutes Defensive
   Center                   Left Wing                Right Wing               Defense                  Defense                  
   Boyd Devereaux           Martin Samuelsson        Blake Wheeler            Dion Phaneuf             Johnny Oduya             

Goaltenders
Starting : Viktor Fasth             
Backup : Jean-Sébastien Giguère   

Extra Forwards
Normal : Jordan Nolan, Matt Duchene, Dustin Byfuglien - PP : Scottie Upshall, Dustin Byfuglien - PK : Blake Wheeler
Extra Defensemen
Normal : Drew Doughty, Dion Phaneuf, Johnny Oduya - PP : Trevor Daley - PK : Trevor Daley, Tomas Kaberle
Penalty Shots
Anze Kopitar, Blake Wheeler, Guillaume Latendresse, Andrei Kostitsyn, Boyd Devereaux

Red Wings

5 vs 5 Forward 
   Center                   Left Wing                Right Wing               Time % Phy DF OF 
 1 Jason Spezza             Rick Nash                Martin Havlat            40     1   2  2  
 2 Mike Richards            Sean Bergenheim          Ales Hemsky              30     1   2  2  
 3 Nate Thompson            Adam Henrique            Mike Brown               20     1   2  2  
 4 Greg Mauldin             Alex Picard              Robert Dome              10     1   2  2  

5 vs 5 Defense 
   Defense                  Defense                                           Time % Phy DF OF 
 1 Shea Weber               Paul Martin                                       40     1   2  2  
 2 Maxim Kondratiev         Richard Jackman                                   30     1   2  2  
 3 Ossi Vaananen            Christian Backman                                 20     1   2  2  
 4 Shea Weber               Paul Martin                                       10     1   2  2  

PowerPlay Forward 
   Center                   Left Wing                Right Wing               Time % Phy DF OF 
 1 Jason Spezza             Rick Nash                Martin Havlat            60     1   2  2  
 2 Mike Richards            Sean Bergenheim          Ales Hemsky              40     1   2  2  

PowerPlay Defense
   Defense                  Defense                                           Time % Phy DF OF 
 1 Shea Weber               Paul Martin                                       60     1   2  2  
 2 Maxim Kondratiev         Richard Jackman                                   40     1   2  2  

Penalty Kill 4 Players Forward 
   Center                   Wing                     Time % Phy DF OF 
 1 Jason Spezza             Rick Nash                60     1   2  2  
 2 Mike Richards            Sean Bergenheim          40     1   2  2  

Penalty Kill 4 Players Defense
   Defense                  Defense                  Time % Phy DF OF 
 1 Shea Weber               Paul Martin              60     1   2  2  
 2 Maxim Kondratiev         Richard Jackman          40     1   2  2  

Penalty Kill - 3 Players Forward 
   Forward                                           Time % Phy DF OF 
 1 Jason Spezza                                      60     1   2  2  
 2 Mike Richards                                     40     1   2  2  

Penalty Kill - 3 Players Defense
   Defense                  Defense                  Time % Phy DF OF 
 1 Shea Weber               Paul Martin              60     1   2  2  
 2 Maxim Kondratiev         Richard Jackman          40     1   2  2  

4 vs 4 Forward 
   Center                   Wing                     Time % Phy DF OF 
 1 Jason Spezza             Rick Nash                60     1   2  2  
 2 Mike Richards            Sean Bergenheim          40     1   2  2  

4 vs 4 Defense
   Defense                  Defense                  Time % Phy DF OF 
 1 Shea Weber               Paul Martin              60     1   2  2  
 2 Maxim Kondratiev         Richard Jackman          40     1   2  2  

Last Minutes Offensive
   Center                   Left Wing                Right Wing               Defense                  Defense                  
   Jason Spezza             Rick Nash                Martin Havlat            Shea Weber               Paul Martin              

Last Minutes Defensive
   Center                   Left Wing                Right Wing               Defense                  Defense                  
   Jason Spezza             Rick Nash                Martin Havlat            Shea Weber               Paul Martin              

Goaltenders
Starting : Jonathan Quick           
Backup : Scott Clemmensen         

Extra Forwards
Normal : Adam Henrique, Nate Thompson, Alex Picard - PP : Adam Henrique, Nate Thompson - PK : Alex Picard
Extra Defensemen
Normal : Ossi Vaananen, Christian Backman, Maxim Kondratiev - PP : Ossi Vaananen - PK : Christian Backman, Maxim Kondratiev
Penalty Shots
Rick Nash, Jason Spezza, Mike Richards, Sean Bergenheim, Martin Havlat

% Time on Ice - Kings

Lines # - Real PCT - Wanted PCT - Time Play
Normal Forward
1 - 31% - 30% - 13:30
2 - 29% - 30% - 12:26
3 - 25% - 25% - 10:54
4 - 15% - 15% - 6:30
Normal Defense
1 - 42% - 40% - 18:06
2 - 35% - 35% - 15:06
3 - 23% - 25% - 10:08
4 - 0% - 0% - 0:00
PP Forward
1 - 58% - 60% - 6:40
2 - 42% - 40% - 4:55
PP Defense
1 - 59% - 60% - 6:52
2 - 41% - 40% - 4:43
PK Forward
1 - 77% - 60% - 1:42
2 - 23% - 40% - 0:31
PK Defense
1 - 54% - 60% - 1:12
2 - 46% - 40% - 1:01
PK3 Forward
1 - 0% - 60%
2 - 0% - 40%
PK3 Defense
1 - 0% - 60%
2 - 0% - 40%
44 Forward
1 - 39% - 60% - 0:41
2 - 61% - 40% - 1:04
44 Defense
1 - 79% - 60% - 1:23
2 - 21% - 40% - 0:22
Last Minute Offensive  - 1:07
Last Minute Defensive  - 0:00
Total
Forward - 60:00
Defense - 60:00

% Time on Ice - Red Wings

Lines # - Real PCT - Wanted PCT - Time Play
Normal Forward
1 - 32% - 40% - 14:10
2 - 30% - 30% - 13:23
3 - 21% - 20% - 9:12
4 - 17% - 10% - 7:42
Normal Defense
1 - 39% - 40% - 17:24
2 - 32% - 30% - 14:08
3 - 26% - 20% - 11:26
4 - 3% - 10% - 1:29
PP Forward
1 - 59% - 60% - 1:18
2 - 41% - 40% - 0:55
PP Defense
1 - 45% - 60% - 1:00
2 - 55% - 40% - 1:13
PK Forward
1 - 79% - 60% - 9:08
2 - 21% - 40% - 2:27
PK Defense
1 - 61% - 60% - 7:05
2 - 39% - 40% - 4:30
PK3 Forward
1 - 0% - 60%
2 - 0% - 40%
PK3 Defense
1 - 0% - 60%
2 - 0% - 40%
44 Forward
1 - 88% - 60% - 1:32
2 - 12% - 40% - 0:13
44 Defense
1 - 36% - 60% - 0:38
2 - 64% - 40% - 1:07
Last Minute Offensive  - 0:00
Last Minute Defensive  - 0:00
Total
Forward - 60:00
Defense - 60:00

Play by Play

1st period


0:01 of 1st period - Jason Spezza wins face-off versus Anze Kopitar in neutral zone.
0:48 of 1st period - Richard Jackman is hit by Dion Phaneuf and loses puck.
0:55 of 1st period - Slapshot by Dion Phaneuf.
0:55 of 1st period - Stopped by Jonathan Quick with a rebound.
0:57 of 1st period - Snap shot by Boyd Devereaux.
0:57 of 1st period - Shot Blocked by Maxim Kondratiev.
1:07 of 1st period - Trevor Daley is hit by Robert Dome and loses puck.
1:53 of 1st period - Richard Jackman is hit by Blake Wheeler and loses puck.
2:08 of 1st period - Slapshot by Drew Doughty.
2:08 of 1st period - Deflect By Martin Havlat.
2:08 of 1st period - Stopped by Jonathan Quick with a rebound.
2:10 of 1st period - Snap shot by Scottie Upshall.
2:10 of 1st period - Shot Blocked by Martin Havlat.
2:32 of 1st period - Sean Bergenheim is hit by Trevor Daley and loses puck.
3:51 of 1st period - Backhand shot by Sean Bergenheim.
3:51 of 1st period - Stopped by Viktor Fasth with a rebound.
4:42 of 1st period - Slapshot by Boyd Devereaux.
4:42 of 1st period - Shot Misses the Net.
4:59 of 1st period - Off-side.
5:00 of 1st period - Matt Duchene wins face-off versus Nate Thompson in neutral zone.
6:18 of 1st period - Snap shot by Matt Duchene.
6:18 of 1st period - Stopped by Jonathan Quick with a rebound.
6:32 of 1st period - Slapshot by Matt Duchene.
6:32 of 1st period - Shot Misses the Net.
6:34 of 1st period - Slapshot by Drew Doughty.
6:34 of 1st period - Shot Misses the Net.
6:50 of 1st period - Off-side.
6:51 of 1st period - Anze Kopitar wins face-off versus Jason Spezza in neutral zone.
6:58 of 1st period - Snap shot by Guillaume Latendresse.
6:58 of 1st period - Goal by Guillaume Latendresse - Kings : 1 - Red Wings : 0.
6:59 of 1st period - Sean Bergenheim wins face-off versus Anze Kopitar in neutral zone.
7:08 of 1st period - Wrist shot by Sean Bergenheim.
7:08 of 1st period - Shot Blocked by Blake Wheeler.
7:10 of 1st period - Slapshot by Christian Backman.
7:10 of 1st period - Stopped by Viktor Fasth without a rebound.
7:11 of 1st period - Jason Spezza wins face-off versus Anze Kopitar in Kings zone.
8:04 of 1st period - Adam Henrique is hit by Johnny Oduya and loses puck.
8:33 of 1st period - Snap shot by Robert Dome.
8:33 of 1st period - Stopped by Viktor Fasth with a rebound.
8:35 of 1st period - Slapshot by Paul Martin.
8:35 of 1st period - Stopped by Viktor Fasth without a rebound.
8:36 of 1st period - Boyd Devereaux wins face-off versus Jason Spezza in Kings zone.
9:01 of 1st period - Tomas Kaberle is hit by Sean Bergenheim.
9:11 of 1st period - Wrist shot by Sean Bergenheim.
9:11 of 1st period - Stopped by Viktor Fasth with a rebound.
9:22 of 1st period - Off-side.
9:23 of 1st period - Jordan Nolan wins face-off versus Nate Thompson in neutral zone.
9:26 of 1st period - Paul Martin is hit by Jordan Nolan.
9:49 of 1st period - Trevor Daley is hit by Paul Martin and loses puck.
9:56 of 1st period - Shea Weber is hit by Boyd Devereaux and loses puck.
10:11 of 1st period - Wrist shot by Mike Richards.
10:11 of 1st period - Stopped by Viktor Fasth without a rebound.
10:12 of 1st period - Anze Kopitar wins face-off versus Mike Richards in Kings zone.
10:16 of 1st period - Off-side.
10:17 of 1st period - Rick Nash wins face-off versus Anze Kopitar in neutral zone.
10:20 of 1st period - Blake Wheeler is hit by Jason Spezza and loses puck.
10:25 of 1st period - Slapshot by Martin Havlat.
10:25 of 1st period - Stopped by Viktor Fasth with a rebound.
10:27 of 1st period - Snap shot by Martin Havlat.
10:27 of 1st period - Shot Misses the Net.
10:29 of 1st period - Wrist shot by Rick Nash.
10:29 of 1st period - Shot Blocked by Tomas Kaberle.
10:45 of 1st period - Snap shot by Scottie Upshall.
10:45 of 1st period - Deflect By Mike Richards.
10:45 of 1st period - Shot Misses the Net.
10:45 of 1st period - Puck is out of play.
10:46 of 1st period - Mike Richards wins face-off versus Boyd Devereaux in Red Wings zone.
10:53 of 1st period - Wrist shot by Sean Bergenheim.
10:53 of 1st period - Shot Misses the Net.
11:35 of 1st period - Slapshot by Ales Hemsky.
11:35 of 1st period - Goal by Ales Hemsky - Kings : 1 - Red Wings : 1.
11:36 of 1st period - Matt Duchene wins face-off versus Jason Spezza in neutral zone.
13:07 of 1st period - Snap shot by Mike Richards.
13:07 of 1st period - Shot Blocked by Johnny Oduya.
13:09 of 1st period - Slapshot by Maxim Kondratiev.
13:09 of 1st period - Shot Misses the Net.
13:11 of 1st period - Slapshot by Alex Picard.
13:11 of 1st period - Shot Misses the Net.
13:45 of 1st period - Off-side.
13:46 of 1st period - Vladimir Tarasenko wins face-off versus Martin Havlat in neutral zone.
13:58 of 1st period - Minor Penalty to Martin Havlat for Tripping.
13:59 of 1st period - Jason Spezza wins face-off versus Anze Kopitar in Red Wings zone.
14:54 of 1st period - Icing by Blake Wheeler.
14:55 of 1st period - Matt Duchene wins face-off versus Alex Picard in Kings zone.
15:06 of 1st period - Wrist shot by Guillaume Latendresse.
15:06 of 1st period - Deflect By Paul Martin.
15:06 of 1st period - Shot Misses the Net.
15:06 of 1st period - Puck is out of play.
15:07 of 1st period - Anze Kopitar wins face-off versus Jason Spezza in Red Wings zone.
15:08 of 1st period - Slapshot by Andrei Kostitsyn.
15:08 of 1st period - Shot Misses the Net.
15:10 of 1st period - Snap shot by Drew Doughty.
15:10 of 1st period - Deflect By Anze Kopitar.
15:10 of 1st period - Stopped by Jonathan Quick with a rebound.
15:12 of 1st period - Slapshot by Drew Doughty.
15:12 of 1st period - Stopped by Jonathan Quick without a rebound.
15:13 of 1st period - Jason Spezza wins face-off versus Anze Kopitar in Red Wings zone.
15:13 of 1st period - Jason Spezza is hit by Jordan Nolan.
15:23 of 1st period - Snap shot by Rick Nash.
15:23 of 1st period - Deflect By Anze Kopitar.
15:23 of 1st period - Shot Blocked by Dion Phaneuf.
15:23 of 1st period - Puck is out of play.
15:24 of 1st period - Anze Kopitar wins face-off versus Rick Nash in Kings zone.
15:58 of 1st period - Penalty to Martin Havlat is over, Martin Havlat is back on ice.
15:59 of 1st period - Snap shot by Guillaume Latendresse.
15:59 of 1st period - Shot Blocked by Maxim Kondratiev.
16:29 of 1st period - Snap shot by Mike Richards.
16:29 of 1st period - Goal by Mike Richards - Kings : 1 - Red Wings : 2.
16:30 of 1st period - Miroslav Satan wins face-off versus Jason Spezza in neutral zone.
17:09 of 1st period - Snap shot by Anze Kopitar.
17:09 of 1st period - Stopped by Jonathan Quick without a rebound.
17:10 of 1st period - Matt Duchene wins face-off versus Jason Spezza in Red Wings zone.
17:37 of 1st period - Tomas Kaberle is hit by Shea Weber and loses puck.
18:26 of 1st period - Snap shot by Drew Doughty.
18:26 of 1st period - Stopped by Jonathan Quick without a rebound.
18:27 of 1st period - Jason Spezza wins face-off versus Anze Kopitar in Red Wings zone.
18:36 of 1st period - Snap shot by Jason Spezza.
18:36 of 1st period - Stopped by Viktor Fasth with a rebound.
18:38 of 1st period - Snap shot by Jason Spezza.
18:38 of 1st period - Shot Misses the Net.
18:40 of 1st period - Wrist shot by Martin Havlat.
18:40 of 1st period - Stopped by Viktor Fasth with a rebound.
18:56 of 1st period - Slapshot by Dion Phaneuf.
18:56 of 1st period - Shot Misses the Net.
19:08 of 1st period - Mike Brown is hit by Matt Duchene and loses puck.
19:17 of 1st period - Tomas Kaberle is hit by Ossi Vaananen and loses puck.
19:22 of 1st period - Snap shot by Nate Thompson.
19:22 of 1st period - Stopped by Viktor Fasth without a rebound.
19:23 of 1st period - Anze Kopitar wins face-off versus Jason Spezza in Kings zone.
19:23 of 1st period - Anze Kopitar is hit by Jason Spezza.
19:29 of 1st period - Backhand shot by Johnny Oduya.
19:29 of 1st period - Shot Blocked by Rick Nash.
19:35 of 1st period - Backhand shot by Guillaume Latendresse.
19:35 of 1st period - Stopped by Jonathan Quick without a rebound.
19:36 of 1st period - Jason Spezza wins face-off versus Anze Kopitar in Red Wings zone.
19:45 of 1st period - Johnny Oduya is hit by Rick Nash and loses puck.
Goals for this period are 1 for Kings vs 2 for Red Wings.
Shots for this period are 9 for Kings vs 12 for Red Wings.

2nd period


0:01 of 2nd period - Anze Kopitar wins face-off versus Jason Spezza in neutral zone.
0:10 of 2nd period - Snap shot by Guillaume Latendresse.
0:10 of 2nd period - Shot Blocked by Paul Martin.
1:35 of 2nd period - Jason Spezza is hit by Blake Wheeler and loses puck.
1:56 of 2nd period - Snap shot by Mike Richards.
1:56 of 2nd period - Stopped by Viktor Fasth without a rebound.
1:57 of 2nd period - Ales Hemsky wins face-off versus Matt Duchene in Kings zone.
2:32 of 2nd period - Off-side.
2:33 of 2nd period - Jason Spezza wins face-off versus Boyd Devereaux in neutral zone.
2:37 of 2nd period - Slapshot by Paul Martin.
2:37 of 2nd period - Deflect By Jason Spezza.
2:37 of 2nd period - Stopped by Viktor Fasth without a rebound.
2:38 of 2nd period - Jason Spezza wins face-off versus Boyd Devereaux in Kings zone.
2:47 of 2nd period - Wrist shot by Rick Nash.
2:47 of 2nd period - Shot Blocked by Boyd Devereaux.
3:01 of 2nd period - Snap shot by Rick Nash.
3:01 of 2nd period - Shot Misses the Net.
3:03 of 2nd period - Wrist shot by Rick Nash.
3:03 of 2nd period - Shot Misses the Net.
3:05 of 2nd period - Wrist shot by Shea Weber.
3:05 of 2nd period - Deflect By Martin Havlat.
3:05 of 2nd period - Shot Misses the Net.
3:05 of 2nd period - Puck is out of play.
3:06 of 2nd period - Anze Kopitar wins face-off versus Mike Richards in Kings zone.
3:10 of 2nd period - Off-side.
3:11 of 2nd period - Mike Richards wins face-off versus Anze Kopitar in neutral zone.
3:42 of 2nd period - Snap shot by Sean Bergenheim.
3:42 of 2nd period - Stopped by Viktor Fasth without a rebound.
3:43 of 2nd period - Matt Duchene wins face-off versus Jason Spezza in Kings zone.
4:10 of 2nd period - Paul Martin is hit by Trevor Daley and loses puck.
4:17 of 2nd period - Snap shot by Miroslav Satan.
4:17 of 2nd period - Stopped by Jonathan Quick with a rebound.
4:33 of 2nd period - Slapshot by Johnny Oduya.
4:33 of 2nd period - Stopped by Jonathan Quick with a rebound.
4:55 of 2nd period - Slapshot by Andrei Kostitsyn.
4:55 of 2nd period - Stopped by Jonathan Quick with a rebound.
5:15 of 2nd period - Snap shot by Guillaume Latendresse.
5:15 of 2nd period - Stopped by Jonathan Quick with a rebound.
5:17 of 2nd period - Snap shot by Blake Wheeler.
5:17 of 2nd period - Goal by Blake Wheeler - Kings : 2 - Red Wings : 2.
5:18 of 2nd period - Jason Spezza wins face-off versus Anze Kopitar in neutral zone.
5:41 of 2nd period - Minor Penalty to Rick Nash for Hooking.
5:42 of 2nd period - Alex Picard wins face-off versus Anze Kopitar in Red Wings zone.
5:42 of 2nd period - Alex Picard is hit by Jordan Nolan.
7:39 of 2nd period - Blake Wheeler is hit by Mike Richards and loses puck.
7:41 of 2nd period - Penalty to Rick Nash is over, Rick Nash is back on ice.
8:06 of 2nd period - Wrist shot by Sean Bergenheim.
8:06 of 2nd period - Stopped by Viktor Fasth with a rebound.
8:08 of 2nd period - Snap shot by Mike Richards.
8:08 of 2nd period - Shot Misses the Net.
8:10 of 2nd period - Wrist shot by Mike Richards.
8:10 of 2nd period - Stopped by Viktor Fasth with a rebound.
8:12 of 2nd period - Snap shot by Sean Bergenheim.
8:12 of 2nd period - Stopped by Viktor Fasth without a rebound.
8:13 of 2nd period - Boyd Devereaux wins face-off versus Nate Thompson in Kings zone.
8:20 of 2nd period - Tomas Kaberle is hit by Adam Henrique and loses puck.
8:38 of 2nd period - Rick Nash is hit by Dustin Byfuglien and loses puck.
9:39 of 2nd period - Snap shot by Mike Richards.
9:39 of 2nd period - Shot Misses the Net.
9:41 of 2nd period - Snap shot by Ales Hemsky.
9:41 of 2nd period - Stopped by Viktor Fasth with a rebound.
9:43 of 2nd period - Slapshot by Maxim Kondratiev.
9:43 of 2nd period - Stopped by Viktor Fasth with a rebound.
11:33 of 2nd period - Ales Hemsky is hit by Dustin Byfuglien.
12:01 of 2nd period - Minor Penalty to Greg Mauldin for Roughing.
12:02 of 2nd period - Jason Spezza wins face-off versus Anze Kopitar in Red Wings zone.
14:01 of 2nd period - Penalty to Greg Mauldin is over, Greg Mauldin is back on ice.
14:11 of 2nd period - Wrist shot by Nate Thompson.
14:11 of 2nd period - Stopped by Viktor Fasth without a rebound.
14:12 of 2nd period - Nate Thompson wins face-off versus Boyd Devereaux in Kings zone.
14:23 of 2nd period - Ossi Vaananen is hit by Miroslav Satan.
14:27 of 2nd period - Adam Henrique is hit by Dion Phaneuf.
14:41 of 2nd period - Snap shot by Sean Bergenheim.
14:41 of 2nd period - Deflect By Ales Hemsky.
14:41 of 2nd period - Shot Misses the Net.
14:41 of 2nd period - Puck is out of play.
14:42 of 2nd period - Mike Richards wins face-off versus Boyd Devereaux in Kings zone.
14:49 of 2nd period - Wrist shot by Miroslav Satan.
14:49 of 2nd period - Shot Blocked by Mike Richards.
14:51 of 2nd period - Wrist shot by Boyd Devereaux.
14:51 of 2nd period - Shot Hit the Post.
14:53 of 2nd period - Snap shot by Boyd Devereaux.
14:53 of 2nd period - Stopped by Jonathan Quick without a rebound.
14:54 of 2nd period - Jason Spezza wins face-off versus Guillaume Latendresse in Red Wings zone.
14:58 of 2nd period - Off-side.
14:59 of 2nd period - Jason Spezza wins face-off versus Anze Kopitar in neutral zone.
15:18 of 2nd period - Minor Penalty to Paul Martin for Tripping.
15:19 of 2nd period - Jason Spezza wins face-off versus Andrei Kostitsyn in Red Wings zone.
15:19 of 2nd period - Jason Spezza is hit by Anze Kopitar.
15:29 of 2nd period - Wrist shot by Rick Nash.
15:29 of 2nd period - Stopped by Viktor Fasth with a rebound.
15:31 of 2nd period - Wrist shot by Jason Spezza.
15:31 of 2nd period - Shot Misses the Net.
15:45 of 2nd period - Christian Backman is hit by Vladimir Tarasenko and loses puck.
15:54 of 2nd period - Snap shot by Guillaume Latendresse.
15:54 of 2nd period - Deflect By Matt Duchene.
15:54 of 2nd period - Shot Blocked by Shea Weber.
15:54 of 2nd period - Puck is out of play.
15:55 of 2nd period - Matt Duchene wins face-off versus Jason Spezza in Red Wings zone.
16:20 of 2nd period - Anze Kopitar is hit by Sean Bergenheim and loses puck.
16:27 of 2nd period - Snap shot by Sean Bergenheim.
16:27 of 2nd period - Shot Misses the Net.
16:29 of 2nd period - Wrist shot by Sean Bergenheim.
16:29 of 2nd period - Goal by Sean Bergenheim - Kings : 2 - Red Wings : 3.
16:30 of 2nd period - Anze Kopitar wins face-off versus Jason Spezza in neutral zone.
16:42 of 2nd period - Snap shot by Anze Kopitar.
16:42 of 2nd period - Shot Misses the Net.
16:44 of 2nd period - Slapshot by Drew Doughty.
16:44 of 2nd period - Goal by Drew Doughty - Kings : 3 - Red Wings : 3.
16:45 of 2nd period - Jason Spezza wins face-off versus Matt Duchene in neutral zone.
16:54 of 2nd period - Snap shot by Martin Havlat.
16:54 of 2nd period - Stopped by Viktor Fasth with a rebound.
16:56 of 2nd period - Slapshot by Rick Nash.
16:56 of 2nd period - Stopped by Viktor Fasth without a rebound.
16:57 of 2nd period - Jason Spezza wins face-off versus Matt Duchene in Kings zone.
16:58 of 2nd period - Snap shot by Martin Havlat.
16:58 of 2nd period - Stopped by Viktor Fasth with a rebound.
17:00 of 2nd period - Snap shot by Martin Havlat.
17:00 of 2nd period - Stopped by Viktor Fasth without a rebound.
17:01 of 2nd period - Matt Duchene wins face-off versus Jason Spezza in Kings zone.
17:10 of 2nd period - Slapshot by Dion Phaneuf.
17:10 of 2nd period - Stopped by Jonathan Quick with a rebound.
17:12 of 2nd period - Minor Penalty to Martin Havlat for Hooking.
17:13 of 2nd period - Jason Spezza wins face-off versus Andrei Kostitsyn in Red Wings zone.
17:26 of 2nd period - Minor Penalty to Jordan Nolan for Roughing.
17:27 of 2nd period - Anze Kopitar wins face-off versus Jason Spezza in Kings zone.
18:17 of 2nd period - Slapshot by Johnny Oduya.
18:17 of 2nd period - Stopped by Jonathan Quick without a rebound.
18:18 of 2nd period - Andrei Kostitsyn wins face-off versus Jason Spezza in Red Wings zone.
18:23 of 2nd period - Wrist shot by Matt Duchene.
18:23 of 2nd period - Shot Misses the Net.
18:39 of 2nd period - Snap shot by Matt Duchene.
18:39 of 2nd period - Shot Misses the Net.
19:08 of 2nd period - Andrei Kostitsyn is hit by Maxim Kondratiev and loses puck.
19:12 of 2nd period - Penalty to Martin Havlat is over, Martin Havlat is back on ice.
19:26 of 2nd period - Penalty to Jordan Nolan is over, Jordan Nolan is back on ice.
19:41 of 2nd period - Snap shot by Rick Nash.
19:41 of 2nd period - Goal by Rick Nash - Kings : 3 - Red Wings : 4.
19:42 of 2nd period - Anze Kopitar wins face-off versus Mike Richards in neutral zone.
19:51 of 2nd period - Snap shot by Guillaume Latendresse.
19:51 of 2nd period - Shot Misses the Net.
19:53 of 2nd period - Snap shot by Johnny Oduya.
19:53 of 2nd period - Stopped by Jonathan Quick with a rebound.
19:55 of 2nd period - Wrist shot by Johnny Oduya.
19:55 of 2nd period - Stopped by Jonathan Quick with a rebound.
19:57 of 2nd period - Backhand shot by Johnny Oduya.
19:57 of 2nd period - Shot Misses the Net.
19:59 of 2nd period - Backhand shot by Blake Wheeler.
19:59 of 2nd period - Shot Misses the Net.
Goals for this period are 2 for Kings vs 2 for Red Wings.
Shots for this period are 11 for Kings vs 16 for Red Wings.

3rd period


0:01 of 3rd period - Anze Kopitar wins face-off versus Jason Spezza in neutral zone.
0:27 of 3rd period - Vladimir Tarasenko is hit by Sean Bergenheim and loses puck.
1:20 of 3rd period - Snap shot by Alex Picard.
1:20 of 3rd period - Stopped by Viktor Fasth with a rebound.
3:45 of 3rd period - Snap shot by Vladimir Tarasenko.
3:45 of 3rd period - Stopped by Jonathan Quick without a rebound.
3:46 of 3rd period - Jason Spezza wins face-off versus Scottie Upshall in Red Wings zone.
4:13 of 3rd period - Shea Weber is hit by Guillaume Latendresse and loses puck.
5:15 of 3rd period - Christian Backman is hit by Miroslav Satan and loses puck.
5:54 of 3rd period - Slapshot by Paul Martin.
5:54 of 3rd period - Stopped by Viktor Fasth without a rebound.
5:55 of 3rd period - Nate Thompson wins face-off versus Matt Duchene in Kings zone.
6:20 of 3rd period - Paul Martin is hit by Miroslav Satan and loses puck.
7:23 of 3rd period - Tomas Kaberle is hit by Mike Brown and loses puck.
8:05 of 3rd period - Backhand shot by Sean Bergenheim.
8:05 of 3rd period - Shot Misses the Net.
8:49 of 3rd period - Lubomir Visnovsky is hit by Nate Thompson and loses puck.
8:56 of 3rd period - Snap shot by Mike Brown.
8:56 of 3rd period - Deflect By Nate Thompson.
8:56 of 3rd period - Shot Misses the Net.
8:56 of 3rd period - Puck is out of play.
8:57 of 3rd period - Anze Kopitar wins face-off versus Jason Spezza in Kings zone.
9:06 of 3rd period - Snap shot by Guillaume Latendresse.
9:06 of 3rd period - Shot Misses the Net.
9:08 of 3rd period - Backhand shot by Blake Wheeler.
9:08 of 3rd period - Stopped by Jonathan Quick with a rebound.
9:10 of 3rd period - Wrist shot by Anze Kopitar.
9:10 of 3rd period - Stopped by Jonathan Quick without a rebound.
9:11 of 3rd period - Matt Duchene wins face-off versus Jason Spezza in Red Wings zone.
9:45 of 3rd period - Ales Hemsky is hit by Blake Wheeler and loses puck.
10:29 of 3rd period - Minor Penalty to Andrei Kostitsyn for Tripping.
10:30 of 3rd period - Boyd Devereaux wins face-off versus Jason Spezza in Kings zone.
10:36 of 3rd period - Slapshot by Dion Phaneuf.
10:36 of 3rd period - Shot Misses the Net.
11:08 of 3rd period - Guillaume Latendresse is hit by Ales Hemsky and loses puck.
12:29 of 3rd period - Penalty to Andrei Kostitsyn is over, Andrei Kostitsyn is back on ice.
12:33 of 3rd period - Anze Kopitar is hit by Nate Thompson and loses puck.
12:56 of 3rd period - Snap shot by Alex Picard.
12:56 of 3rd period - Shot Misses the Net.
12:58 of 3rd period - Wrist shot by Alex Picard.
12:58 of 3rd period - Stopped by Viktor Fasth with a rebound.
13:00 of 3rd period - Backhand shot by Greg Mauldin.
13:00 of 3rd period - Shot Misses the Net.
13:02 of 3rd period - Snap shot by Robert Dome.
13:02 of 3rd period - Stopped by Viktor Fasth without a rebound.
13:03 of 3rd period - Nate Thompson wins face-off versus Boyd Devereaux in Kings zone.
13:33 of 3rd period - Wrist shot by Robert Dome.
13:33 of 3rd period - Goal by Robert Dome - Kings : 3 - Red Wings : 5.
13:34 of 3rd period - Jason Spezza wins face-off versus Matt Duchene in neutral zone.
14:08 of 3rd period - Wrist shot by Boyd Devereaux.
14:08 of 3rd period - Deflect By Scottie Upshall.
14:08 of 3rd period - Shot Misses the Net.
14:08 of 3rd period - Puck is out of play.
14:09 of 3rd period - Anze Kopitar wins face-off versus Mike Richards in Red Wings zone.
14:14 of 3rd period - Snap shot by Anze Kopitar.
14:14 of 3rd period - Shot Misses the Net.
14:16 of 3rd period - Slapshot by Tomas Kaberle.
14:16 of 3rd period - Goal by Tomas Kaberle - Kings : 4 - Red Wings : 5.
14:17 of 3rd period - Jason Spezza wins face-off versus Matt Duchene in neutral zone.
14:19 of 3rd period - Minor Penalty to Rick Nash for Hooking.
14:20 of 3rd period - Anze Kopitar wins face-off versus Jason Spezza in Red Wings zone.
14:21 of 3rd period - Slapshot by Drew Doughty.
14:21 of 3rd period - Stopped by Jonathan Quick without a rebound.
14:22 of 3rd period - Jason Spezza wins face-off versus Anze Kopitar in Red Wings zone.
14:31 of 3rd period - Jordan Nolan is hit by Alex Picard and loses puck.
14:54 of 3rd period - Slapshot by Drew Doughty.
14:54 of 3rd period - Deflect By Jason Spezza.
14:54 of 3rd period - Stopped by Jonathan Quick without a rebound.
14:55 of 3rd period - Anze Kopitar wins face-off versus Alex Picard in Red Wings zone.
16:19 of 3rd period - Penalty to Rick Nash is over, Rick Nash is back on ice.
16:34 of 3rd period - Wrist shot by Ossi Vaananen.
16:34 of 3rd period - Shot Blocked by Miroslav Satan.
16:48 of 3rd period - Minor Penalty to Ossi Vaananen for Roughing.
16:49 of 3rd period - Matt Duchene wins face-off versus Jason Spezza in Red Wings zone.
16:54 of 3rd period - Snap shot by Guillaume Latendresse.
16:54 of 3rd period - Deflect By Matt Duchene.
16:54 of 3rd period - Shot Blocked by Rick Nash.
16:54 of 3rd period - Puck is out of play.
16:55 of 3rd period - Matt Duchene wins face-off versus Jason Spezza in Red Wings zone.
17:20 of 3rd period - Snap shot by Shea Weber.
17:20 of 3rd period - Stopped by Viktor Fasth without a rebound.
17:21 of 3rd period - Jordan Nolan wins face-off versus Mike Richards in Kings zone.
17:53 of 3rd period - Slapshot by Jordan Nolan.
17:53 of 3rd period - Deflect By Anze Kopitar.
17:53 of 3rd period - Shot Blocked by Maxim Kondratiev.
17:53 of 3rd period - Puck is out of play.
17:54 of 3rd period - Matt Duchene wins face-off versus Jason Spezza in Red Wings zone.
18:48 of 3rd period - Penalty to Ossi Vaananen is over, Ossi Vaananen is back on ice.
18:59 of 3rd period - Kings, Viktor Fasth is pulled from the net.
19:19 of 3rd period - Snap shot by Matt Duchene.
19:19 of 3rd period - Shot Blocked by Mike Richards.
Goals for this period are 1 for Kings vs 1 for Red Wings.
Shots for this period are 6 for Kings vs 6 for Red Wings.